General information
- name: BNet
- type: Ladder team game (AT/RT)
- host: Battle.net
- saver: Jade
map: TwilightRuins
- players: 8
- length: 35:44
- speed: Fast
- version: 1.26 W3XP
- replay type: Public
» download(270 KB)
Players
team 1 (loser)

»
nameless101 (
blue | 94 APM | 3352 actions | 35:42)
8 Mountain King
3 Storm Bolt
3 Bash
1 Avatar
1 Thunder Clap
5 Paladin
3 Holy Light
2 Divine Shield
» actions
| Assign group hotkey | 69 | |
| Basic commands | 440 | |
| Build / train | 114 | |
| Enter build submenu | 23 | |
| Enter hero's abilities submenu | 13 | |
| Give item / drop item | 12 | |
| Remove unit from queue | 1 | |
| Right click | 1214 | |
| Select / deselect | 238 | |
| Select group hotkey | 1055 | |
| Use ability | 173 | |
3352 total
» units
| Peasant | 18 | |
| Footman | 5 | |
| Knight | 7 | |
| Rifleman | 3 | |
33 total
» upgrades
| Defend | 1 | |
| Masonry | 3 | |
| Swords | 2 | |
| Long Rifles | 1 | |
| Plating | 1 | |
| Animal War Training | 1 | |
9 total
» buildings
| Altar of Kings | 1 | |
| Farm | 6 | |
| Barracks | 1 | |
| Scout Tower | 6 | |
| Arcane Tower | 4 | |
| Lumber Mill | 1 | |
| Keep | 1 | |
| Arcane Vault | 1 | |
| Blacksmith | 1 | |
| Guard Tower | 9 | |
| Castle | 1 | |
| Town Hall | 3 | |
35 total
» build order
00:11 Altar of Kings
00:17 Farm
00:27 Barracks
00:59 Farm
01:36 Farm
01:52 Scout Tower
02:23 Arcane Tower
02:23 Arcane Tower
02:58 Scout Tower
03:19 Farm
03:40 Arcane Tower
03:40 Arcane Tower
04:03 Lumber Mill
04:50 Keep
04:55 Arcane Vault
05:18 Scout Tower
05:24 Scout Tower
05:48 Blacksmith
05:51 Guard Tower
05:51 Guard Tower
06:01 Guard Tower
06:01 Guard Tower
06:46 Farm
06:49 Farm
06:57 Scout Tower
07:35 Guard Tower
07:36 Guard Tower
07:36 Guard Tower
08:23 Castle
10:24 Town Hall
16:33 Town Hall
17:39 Town Hall
20:03 Scout Tower
» items
| Scroll of Regeneration | 4 | |
| Scroll of Town Portal | 4 | |
| Boots of Speed | 2 | |
| Potion of Healing | 2 | |
| Healing Salve | 1 | |
| Lesser Clarity Potion | 2 | |
| Staff of Sanctuary | 3 | |
| Orb of Fire | 10 | |
| Staff of Teleportation | 2 | |
| Potion of Lesser Invulnerability | 2 | |
| Potion of Invulnerability | 1 | |
| Scroll of Healing | 1 | |
| Potion of Invisibility | 4 | |
38 total
DirtyButterNuts (
teal | 64 APM | 2084 actions | 32:35)
6 Priestess of the Moon
3 Trueshot Aura
2 Searing Arrows
1 Starfall
» actions
| Assign group hotkey | 22 | |
| Basic commands | 1 | |
| Build / train | 163 | |
| Enter build submenu | 40 | |
| Enter hero's abilities submenu | 6 | |
| Give item / drop item | 1 | |
| Remove unit from queue | 1 | |
| Right click | 985 | |
| Select / deselect | 402 | |
| Select group hotkey | 298 | |
| Use ability | 165 | |
2084 total
» units
| Wisp | 61 | |
| Archer | 5 | |
| Dryad | 33 | |
| Hippogryph | 8 | |
| Chimaera | 7 | |
114 total
» upgrades
| Strength of the Wild | 2 | |
| Reinforced Hides | 2 | |
| Abolish Magic | 1 | |
| Nature's Blessing | 1 | |
| Corrosive Breath | 1 | |
7 total
» buildings
| Moon Well | 12 | |
| Altar of Elders | 3 | |
| Ancient of War | 1 | |
| Tree of Ages | 7 | |
| Hunter's Hall | 2 | |
| Ancient of Lore | 5 | |
| Tree of Life | 3 | |
| Ancient Protector | 11 | |
| Ancient of Wonders | 1 | |
| Ancient of Wind | 2 | |
| Tree of Eternity | 2 | |
| Chimaera Roost | 2 | |
51 total
» build order
00:20 Moon Well
00:28 Altar of Elders
00:45 Ancient of War
01:35 Moon Well
03:41 Tree of Ages
03:41 Tree of Ages
04:00 Hunter's Hall
04:07 Moon Well
04:33 Moon Well
06:12 Ancient of Lore
06:13 Ancient of Lore
06:28 Tree of Life
06:29 Ancient Protector
06:30 Ancient Protector
06:54 Ancient Protector
07:07 Ancient Protector
07:20 Ancient Protector
08:27 Ancient of Wonders
14:08 Ancient of Wind
14:10 Moon Well
14:10 Moon Well
15:58 Tree of Eternity
15:58 Tree of Eternity
16:58 Ancient of Wind
19:53 Chimaera Roost
20:05 Chimaera Roost
23:32 Tree of Life
23:48 Tree of Life
23:59 Tree of Ages
24:00 Tree of Ages
24:00 Tree of Ages
24:15 Moon Well
24:15 Moon Well
24:15 Moon Well
24:16 Moon Well
24:17 Moon Well
26:01 Altar of Elders
26:05 Moon Well
26:18 Hunter's Hall
27:24 Ancient of Lore
27:29 Ancient of Lore
27:33 Ancient of Lore
27:37 Ancient Protector
27:42 Ancient Protector
27:47 Ancient Protector
27:52 Ancient Protector
27:57 Ancient Protector
28:44 Altar of Elders
30:26 Ancient Protector
» items
| Potion of Invulnerability | 1 | |
| Sentry Wards | 1 | |
| Scroll of Town Portal | 4 | |
| Anti-magic Potion | 1 | |
| Boots of Speed | 1 | |
| Potion of Lesser Invulnerability | 1 | |
9 total
L0rdSn0w (
yellow | 30 APM | 945 actions | 31:18)
5 Archmage
3 Summon Water Elemental
2 Brilliance Aura
» actions
| Basic commands | 24 | |
| Build / train | 90 | |
| Enter build submenu | 28 | |
| Enter hero's abilities submenu | 5 | |
| Right click | 350 | |
| Select / deselect | 395 | |
| Use ability | 53 | |
945 total
» units
| Peasant | 24 | |
| Footman | 15 | |
| Rifleman | 2 | |
| Mortar Team | 6 | |
| Siege Engine | 4 | |
| Knight | 5 | |
| Flying Machine | 7 | |
63 total
» upgrades
| Swords | 2 | |
| Gunpowder | 4 | |
| Plating | 3 | |
| Barrage | 1 | |
| Fragmentation Shards | 1 | |
| Lumber Harvesting | 1 | |
| Animal War Training | 1 | |
| Flak Cannons | 1 | |
| Flying Machine Bombs | 1 | |
15 total
» buildings
| Altar of Kings | 3 | |
| Farm | 13 | |
| Barracks | 1 | |
| Lumber Mill | 1 | |
| Town Hall | 3 | |
| Keep | 1 | |
| Scout Tower | 1 | |
| Blacksmith | 1 | |
| Guard Tower | 1 | |
| Castle | 1 | |
| Arcane Vault | 1 | |
| Workshop | 3 | |
| Arcane Sanctum | 1 | |
31 total
» build order
00:16 Altar of Kings
00:26 Farm
00:41 Barracks
01:09 Farm
01:25 Lumber Mill
01:57 Farm
02:50 Farm
03:45 Town Hall
04:18 Farm
04:55 Keep
05:40 Scout Tower
06:01 Blacksmith
06:36 Guard Tower
07:18 Castle
07:24 Arcane Vault
07:42 Workshop
08:01 Workshop
09:27 Farm
09:33 Farm
11:18 Farm
12:31 Farm
15:03 Farm
15:23 Workshop
17:02 Farm
17:09 Arcane Sanctum
18:30 Town Hall
25:48 Town Hall
28:18 Altar of Kings
28:33 Altar of Kings
29:49 Farm
30:33 Farm
» items
| Scroll of Town Portal | 1 | |
| Lesser Clarity Potion | 1 | |
| Potion of Healing | 1 | |
3 total
we_won (
purple | 39 APM | 1339 actions | 33:57)
7 Blademaster
3 Wind Walk
3 Critical Strike
1 Bladestorm
» actions
| Basic commands | 1 | |
| Build / train | 74 | |
| Enter build submenu | 34 | |
| Enter hero's abilities submenu | 7 | |
| Give item / drop item | 1 | |
| Right click | 706 | |
| Select / deselect | 422 | |
| Use ability | 94 | |
1339 total
» units
| Peon | 17 | |
| Grunt | 3 | |
| Wind Rider | 13 | |
| Troll Headhunter/Berserker | 4 | |
| Raider | 6 | |
43 total
» upgrades
| Spiked Barricades | 1 | |
| Reinforced Defenses | 1 | |
| Ranged Weapons | 2 | |
| Armor | 2 | |
| Ensnare | 1 | |
| Melee Weapons | 2 | |
9 total
» buildings
| Orc Burrow | 12 | |
| Altar of Storms | 2 | |
| Barracks | 1 | |
| Voodoo Lounge | 2 | |
| War Mill | 1 | |
| Stronghold | 2 | |
| Watch Tower | 9 | |
| Great Hall | 2 | |
| Beastiary | 3 | |
| Fortress | 1 | |
35 total
» build order
00:09 Orc Burrow
00:36 Altar of Storms
01:05 Barracks
01:21 Voodoo Lounge
01:46 Orc Burrow
02:22 War Mill
03:49 Stronghold
04:12 Watch Tower
04:39 Great Hall
06:31 Orc Burrow
06:35 Beastiary
06:37 Beastiary
07:13 Orc Burrow
07:21 Orc Burrow
09:08 Beastiary
09:44 Fortress
11:00 Watch Tower
11:02 Watch Tower
11:05 Watch Tower
11:47 Watch Tower
12:31 Orc Burrow
14:33 Watch Tower
15:14 Watch Tower
15:35 Watch Tower
16:44 Orc Burrow
17:56 Orc Burrow
19:11 Orc Burrow
19:51 Watch Tower
25:36 Altar of Storms
26:04 Orc Burrow
26:08 Orc Burrow
28:23 Great Hall
29:15 Stronghold
29:19 Voodoo Lounge
32:35 Orc Burrow
» items
| Healing Salve | 4 | |
| Scroll of Speed | 3 | |
| Potion of Healing | 1 | |
| Orb of Lightning | 1 | |
| Lesser Clarity Potion | 1 | |
| Scroll of Town Portal | 1 | |
11 total
team 2 (winner)
Jade (
orange | 64 APM | 2273 actions | 35:44)
9 Blademaster
3 Wind Walk
3 Critical Strike
1 Bladestorm
2 Mirror Image
» actions
| Assign group hotkey | 19 | |
| Basic commands | 46 | |
| Build / train | 67 | |
| Enter build submenu | 19 | |
| Enter hero's abilities submenu | 9 | |
| Give item / drop item | 7 | |
| Right click | 1434 | |
| Select / deselect | 305 | |
| Select group hotkey | 215 | |
| Use ability | 152 | |
2273 total
» units
» upgrades
| Melee Weapons | 3 | |
| Pillage | 1 | |
| Ensnare | 1 | |
| Reinforced Defenses | 1 | |
| Armor | 3 | |
9 total
» buildings
| Altar of Storms | 1 | |
| Orc Burrow | 4 | |
| Voodoo Lounge | 2 | |
| War Mill | 1 | |
| Stronghold | 1 | |
| Watch Tower | 10 | |
| Beastiary | 2 | |
| Fortress | 2 | |
23 total
» build order
00:03 Altar of Storms
00:13 Orc Burrow
00:51 Voodoo Lounge
01:17 War Mill
02:43 Stronghold
02:54 Watch Tower
03:07 Watch Tower
03:48 Orc Burrow
03:50 Orc Burrow
03:51 Orc Burrow
04:08 Watch Tower
05:08 Beastiary
05:09 Beastiary
07:21 Fortress
07:22 Fortress
11:38 Voodoo Lounge
13:02 Watch Tower
13:03 Watch Tower
13:05 Watch Tower
13:06 Watch Tower
20:47 Watch Tower
20:48 Watch Tower
20:49 Watch Tower
» items
| Healing Salve | 7 | |
| Lesser Clarity Potion | 4 | |
| Scroll of Speed | 2 | |
| Boots of Speed | 1 | |
| Circlet of Nobility | 1 | |
| Scroll of Town Portal | 3 | |
| Orb of Lightning | 1 | |
| Claws of Attack +9 | 3 | |
| Potion of Greater Healing | 1 | |
| Scroll of the Beast | 1 | |
| Claws of Attack +6 | 1 | |
25 total
Jamokee (
red | 96 APM | 3419 actions | 35:42)
8 Mountain King
3 Storm Bolt
3 Bash
1 Avatar
1 Thunder Clap
» actions
| Assign group hotkey | 66 | |
| Basic commands | 41 | |
| Build / train | 103 | |
| Enter build submenu | 34 | |
| Enter hero's abilities submenu | 8 | |
| Give item / drop item | 1 | |
| Remove unit from queue | 1 | |
| Right click | 1625 | |
| Select / deselect | 669 | |
| Select group hotkey | 756 | |
| Use ability | 115 | |
3419 total
» units
| Peasant | 16 | |
| Footman | 5 | |
| Siege Engine | 21 | |
42 total
» upgrades
| Lumber Harvesting | 2 | |
| Plating | 3 | |
| Gunpowder | 3 | |
| Masonry | 3 | |
| Barrage | 1 | |
12 total
» buildings
| Altar of Kings | 1 | |
| Farm | 14 | |
| Barracks | 2 | |
| Scout Tower | 25 | |
| Arcane Tower | 2 | |
| Arcane Vault | 1 | |
| Town Hall | 1 | |
| Lumber Mill | 1 | |
| Guard Tower | 13 | |
| Blacksmith | 1 | |
| Keep | 1 | |
| Castle | 1 | |
| Workshop | 2 | |
65 total
» build order
00:16 Altar of Kings
00:22 Farm
00:34 Barracks
00:46 Farm
01:36 Farm
01:56 Scout Tower
02:10 Farm
02:31 Arcane Tower
02:57 Arcane Vault
04:06 Farm
04:26 Town Hall
04:29 Scout Tower
04:33 Scout Tower
04:34 Scout Tower
04:39 Scout Tower
05:06 Lumber Mill
05:26 Arcane Tower
05:54 Guard Tower
06:16 Blacksmith
07:13 Keep
07:36 Scout Tower
07:37 Scout Tower
07:38 Scout Tower
09:06 Guard Tower
09:33 Farm
09:35 Farm
09:36 Castle
09:45 Workshop
09:53 Workshop
16:16 Farm
16:18 Farm
16:19 Farm
16:20 Farm
19:16 Scout Tower
20:21 Barracks
20:49 Scout Tower
20:50 Scout Tower
20:53 Scout Tower
21:00 Farm
21:01 Farm
21:04 Farm
21:42 Guard Tower
21:51 Guard Tower
22:16 Guard Tower
23:46 Scout Tower
23:47 Scout Tower
23:47 Scout Tower
23:49 Scout Tower
23:51 Scout Tower
23:52 Scout Tower
23:53 Scout Tower
25:08 Guard Tower
26:22 Guard Tower
26:48 Guard Tower
27:33 Guard Tower
27:37 Scout Tower
27:38 Scout Tower
27:39 Scout Tower
28:49 Guard Tower
33:38 Scout Tower
34:22 Guard Tower
34:43 Scout Tower
35:12 Guard Tower
35:14 Scout Tower
35:41 Guard Tower
» items
| Scroll of Regeneration | 3 | |
| Lesser Clarity Potion | 5 | |
| Scroll of Town Portal | 4 | |
| Healing Salve | 1 | |
| Potion of Healing | 6 | |
| Potion of Mana | 2 | |
| Orb of Lightning | 1 | |
| Staff of Teleportation | 1 | |
23 total

»
Fardado (
green | 60 APM | 2147 actions | 35:43)
8 Demon Hunter
3 Mana Burn
3 Evasion
1 Metamorphosis
1 Immolation
6 Priestess of the Moon
3 Trueshot Aura
2 Searing Arrows
1 Starfall
» actions
| Assign group hotkey | 29 | |
| Basic commands | 110 | |
| Build / train | 94 | |
| ESC pressed | 2 | |
| Enter build submenu | 29 | |
| Enter hero's abilities submenu | 15 | |
| Give item / drop item | 1 | |
| Remove unit from queue | 5 | |
| Right click | 894 | |
| Select / deselect | 479 | |
| Select group hotkey | 428 | |
| Use ability | 61 | |
2147 total
» units
| Wisp | 25 | |
| Archer | 8 | |
| Druid of the Talon | 8 | |
| Chimaera | 7 | |
| Hippogryph | 9 | |
57 total
» upgrades
| Strength of the Moon | 1 | |
| Improved Bows | 1 | |
| Druid of the Talon Training | 2 | |
| Strength of the Wild | 2 | |
| Reinforced Hides | 2 | |
| Corrosive Breath | 1 | |
9 total
» buildings
| Altar of Elders | 2 | |
| Moon Well | 10 | |
| Ancient of War | 1 | |
| Hunter's Hall | 1 | |
| Tree of Life | 3 | |
| Tree of Ages | 2 | |
| Tree of Eternity | 1 | |
| Ancient of Wind | 1 | |
| Chimaera Roost | 3 | |
24 total
» build order
00:19 Altar of Elders
00:34 Moon Well
00:46 Ancient of War
01:26 Moon Well
02:50 Moon Well
03:09 Hunter's Hall
04:02 Tree of Life
04:31 Tree of Ages
05:07 Moon Well
07:02 Tree of Eternity
07:06 Ancient of Wind
07:47 Moon Well
07:48 Moon Well
09:29 Chimaera Roost
09:30 Chimaera Roost
09:33 Chimaera Roost
09:42 Moon Well
20:05 Moon Well
23:48 Tree of Life
30:00 Moon Well
32:32 Altar of Elders
32:34 Moon Well
33:31 Tree of Ages
33:34 Tree of Life
» items
| Boots of Speed | 2 | |
| Periapt of Vitality | 1 | |
| Circlet of Nobility | 1 | |
4 total

»
Tonha0 (
pink | 61 APM | 2194 actions | 35:42)
6 Blademaster
2 Wind Walk
3 Critical Strike
1 Bladestorm
» actions
| Assign group hotkey | 41 | |
| Basic commands | 325 | |
| Build / train | 63 | |
| Enter build submenu | 29 | |
| Enter hero's abilities submenu | 6 | |
| Right click | 906 | |
| Select / deselect | 348 | |
| Select group hotkey | 300 | |
| Use ability | 176 | |
2194 total
» units
| Peon | 8 | |
| Grunt | 6 | |
| Troll Headhunter/Berserker | 18 | |
| Shaman | 3 | |
35 total
» upgrades
| Pillage | 1 | |
| Berserker Strength | 1 | |
| Shaman Training | 2 | |
| Berserker Upgrade | 1 | |
5 total
» buildings
| Altar of Storms | 2 | |
| Orc Burrow | 11 | |
| Barracks | 5 | |
| War Mill | 1 | |
| Voodoo Lounge | 2 | |
| Stronghold | 1 | |
| Spirit Lodge | 1 | |
| Fortress | 1 | |
| Great Hall | 4 | |
| Watch Tower | 9 | |
37 total
» build order
00:17 Altar of Storms
00:27 Orc Burrow
01:32 Barracks
01:53 Orc Burrow
01:57 War Mill
02:14 Voodoo Lounge
04:42 Stronghold
07:22 Voodoo Lounge
07:34 Orc Burrow
07:35 Orc Burrow
07:50 Spirit Lodge
09:45 Fortress
09:58 Orc Burrow
11:49 Barracks
11:51 Barracks
12:17 Barracks
13:05 Orc Burrow
15:11 Great Hall
15:47 Barracks
15:51 Orc Burrow
15:54 Orc Burrow
16:07 Orc Burrow
16:12 Orc Burrow
16:37 Watch Tower
16:39 Watch Tower
16:42 Watch Tower
17:52 Great Hall
18:17 Watch Tower
18:56 Altar of Storms
19:25 Great Hall
20:51 Watch Tower
26:34 Orc Burrow
28:46 Great Hall
28:53 Watch Tower
28:54 Watch Tower
28:56 Watch Tower
28:58 Watch Tower
» items
| Scroll of Speed | 2 | |
| Lesser Clarity Potion | 2 | |
| Healing Salve | 4 | |
| Potion of Healing | 2 | |
| Orb of Fire | 1 | |
| Scroll of Regeneration | 1 | |
12 total
Chat log
(00:07 / Allies) Fardado: hi
(00:10 / Allies) Jamokee: hi
(00:13 / Allies) Fardado: im fast expoing
(03:14 / All) we_won: pink trolling techin to bat
(03:24 / All) Fardado: lol
(04:48 / Allies) Fardado: im getting talon and chims?
(04:49 / Allies) Fardado: k?
(04:57 / Allies) Fardado: oj
(04:59 / Allies) Fardado: expo here
(06:29 / Allies) Jamokee: burrow
(06:33 / Allies) Jamokee: go
(07:29 / Allies) Jamokee: come pinik
(07:46 / Allies) Jamokee: or sit there
(07:59 / Allies) Tonha0: go red
(09:06 / Allies) Tonha0: out
(10:18 / Allies) Fardado: help him
(10:18 / Allies) Fardado: tp
(10:30 / Allies) Fardado: tp
(10:32 / Allies) Fardado: fuck
(11:16 / All) we_won: well we see what they are going
(11:18 / All) we_won: LOL
(12:39 / Allies) Tonha0: red units?
(12:43 / Allies) Jamokee: tanks
(13:05 / Allies) Fardado: wow
(13:07 / Allies) Fardado: u suck guys
(13:07 / Allies) Fardado: =(}
(13:10 / All) Fardado: my team
(13:11 / All) Fardado: sucks
(13:16 / All) Fardado: lol
(13:17 / All) Fardado: =(
(13:24 / Allies) Jamokee: ur pro green
(14:19 / All) we_won: lol
(17:08 / Allies) Tonha0: plz golf
(17:14 / Allies) Fardado: fuck u noob
(17:38 / Allies) Tonha0: plz gold
(18:30 / Allies) Fardado: wow
(18:32 / Allies) Fardado: help him
(18:33 / Allies) Fardado: omg
(19:16 / Allies) Tonha0: plz lumber
(20:22 / Allies) Tonha0: plz 300 gold
(21:00 / Allies) Fardado: w8 for mew
(21:18 / Allies) Tonha0: red gold plz
(22:32 / Allies) Jamokee: tp
(22:35 / Allies) Jamokee: ?
(23:00 / All) DirtyButterNuts: thats the base you needed to tp too
(23:18 / Allies) Tonha0: go red
(23:35 / Allies) Jade: red tower your base to fuck
(23:36 / Allies) Jade: please
(26:50 / All) Jade: but wha base were you supposed to tp to
(27:11 / Allies) Jade: repair
(28:11 / Allies) Tonha0: plz gold
(29:23 / All) Fardado: thx
(29:30 / Allies) Jade: check mines
(29:48 / Allies) Fardado: wow
(30:24 / Allies) Jade: go red
(30:54 / Allies) Jamokee: go check exe with hero
(31:30 / All) Fardado: gg
(31:33 / All) Fardado: my dh
(31:38 / All) Fardado: is too damn strong
(31:39 / All) Fardado: for ya
(32:59 / All) Jade: come purple
(33:03 / All) Jade: test your blade with mine
(33:05 / All) we_won: where
(33:11 / All) Jade: im coming to you
(33:45 / All) we_won: i die with honor
(33:46 / All) we_won: lol
(33:50 / All) we_won: gg gents
(33:54 / All) we_won: tanks FTW!!!!!!!!!
(33:55 / All) Jade: rest in peace brother